 Dungeon Crawl Stone Soup version 0.27-a0-1087-gf39c287674 (webtiles) character file.

Game seed: 11572171998986552546

228 Gaff the Magician (level 6, -23/40 HPs)
             Began as a Djinni Air Elementalist on Apr 26, 2021.
             Blown up by Ijyb (33 damage)
             ... with a mindburst bolt
             ... on level 3 of the Dungeon.
             The game lasted 00:07:08 (4182 turns).

Gaff the Magician (Djinni Air Elementalist)         Turns: 4182, Time: 00:07:08

Health: -23/40     AC:  3    Str:  7    XL:     6   Next: 2%
Gold:   89         EV: 12    Int: 18    God:
                   SH:  0    Dex: 14

rFire    + + .     SeeInvis +   c - +0 dagger
rCold    x . .     Faith    .   (no shield)
rNeg     . . .     Spirit   .   a - +0 robe
rPois    ∞         Reflect  .   (no helmet)
rElec    .         Harm     .   (no cloak)
rCorr    .         Rampage  .   i - +0 pair of gloves
Will     .....                  (boots unavailable)
Stlth    ++........             (no amulet)
HPRegen  0.13/turn              h - ring of see invisible
MPRegen  0.00/turn              (no ring)

@: flying
A: fire resistance 2, cold vulnerability 1, float, innate caster, hp casting,
extra vitality 1
a: no special abilities


You were on level 3 of the Dungeon.
You visited 1 branch of the dungeon, and saw 3 of its levels.

You collected 89 gold pieces.

Inventory:

Hand Weapons
 c - a +0 dagger (weapon)
Missiles
 g - 8 boomerangs of dispersal
Armour
 a - a +0 robe (worn)
 i - a +0 pair of gloves (worn)
 r - a +0 leather armour
Magical Staves
 m - a staff of earth
Jewellery
 h - a ring of see invisible (left hand)
Scrolls
 b - 2 scrolls of fog {unknown}
 d - 2 scrolls of amnesia {unknown}
 e - 3 scrolls of identify {unknown}
 j - a scroll of vulnerability {unknown}
 k - 2 scrolls of enchant armour {unknown}
 l - a scroll of blinking {unknown}
 n - a scroll of noise {unknown}
 o - a scroll of immolation {unknown}
 p - a scroll of fear {unknown}
Potions
 f - a potion of resistance {unknown}
 q - a potion of might {unknown}


   Skills:
 + Level 1.4 Armour
 - Level 2.6 Dodging
 - Level 2.1 Stealth
 * Level 5.0 Spellcasting


You couldn't memorise any spells.
You knew the following spells:

 Your Spells              Type           Power      Damage    Failure   Level
a - Shock                 Conj/Air       88%        1d8       1%          1
b - Static Discharge      Conj/Air       22%        N/A       2%          2
c - Swiftness             Air            22%        N/A       4%          3
d - Airstrike             Air            11%        N/A       17%         4
e - Lightning Bolt        Conj/Air       11%        1d24      43%         5
f - Summon Small Mammal   Summ           88%        N/A       1%          1
g - Ensorcelled Hibernat  Hex/Ice        44%        N/A       2%          2
Your spell library was empty.

Dungeon Overview and Level Annotations

Branches:
Dungeon (3/15)

Altars:
Xom

Shops:
D:3 **

Annotations:
D:3 Ijyb


Innate Abilities, Weirdness & Mutations

You are immune to poison.
Your flesh is very heat resistant. (rF++)
You are vulnerable to cold. (rC-)
You float through the air rather than walking.
You learn spells naturally, not from books.
Your magical power is your life essence.
You have superior vitality. (+4 HP)


Message History

Something barely misses your bat.
Your bat barely misses Ijyb.
Your rat bites Ijyb.
Your quokka misses Ijyb.
Ijyb zaps a wand.
Your quokka's mind is blasted!!
Your quokka is blown up!
Your quokka's corpse disappears in a puff of smoke!
Your rat closely misses Ijyb.
Your rat bites Ijyb but does no damage.
Ijyb zaps a wand.
Your mind is blasted!
* * * LOW HITPOINT WARNING * * *
Your bat barely misses Ijyb.
Your rat bites Ijyb but does no damage.
Ijyb zaps a wand.
You struggle to resist.
Casting: Shock (safe; 1% risk of failure)
Confirm with . or Enter, or press ? or * to list all spells.
Really attack your rat? Really attack your bat?
Ijyb is struck by an arc of lightning.
Ijyb is moderately wounded.
The lightning grounds out.
Your bat is struck by an arc of lightning.
You kill your bat!
Your bat's corpse disappears in a puff of smoke!
You are struck by an arc of lightning.
* * * LOW HITPOINT WARNING * * *
Ijyb is struck by an arc of lightning.
Ijyb is heavily wounded.
The lightning grounds out.
* * * LOW HITPOINT WARNING * * *
Your rat barely misses Ijyb.
Ijyb misses you.
Casting: Static Discharge (safe; 2% risk of failure)
Confirm with . or Enter, or press ? or * to list all spells.
Really attack your rat?
Ijyb is struck by an arc of lightning.
Ijyb is severely wounded.
Your rat is struck by an arc of lightning.
You kill your rat!
Your rat's corpse disappears in a puff of smoke!
The lightning grounds out.
* * * LOW HITPOINT WARNING * * *
Ijyb zaps a wand.
Your mind is blasted!
Ouch! That really hurt!
You die...

##....## ##.......##
##.....## ##.....##
#.......# ##...##
#.......# #+##
#.......# #.# ##.....##
#.# #.....#
####.#######
#.###.######...........
#.# #†........@...##.##
#.###.######§g...##
#.....# #.##.####
####### #........
#########


You could see Ijyb.

Vanquished Creatures
  A necrophage (D:3)
  4 adders
  An ufetubus (D:2)
  3 worms (D:2)
  2 dart slugs
  2 bats
  12 endoplasms
  3 giant cockroaches
  4 goblins
  13 hobgoblins
  6 jackals
  8 kobolds
  7 quokkas
  3 ball pythons
  A frilled lizard (D:1)
  9 rats
79 creatures vanquished.

Notes
Turn   | Place    | Note
-------+----------+-------------------------------------------
     0 | D:1      | Gaff the Djinni Air Elementalist began the quest for the
                  | Orb.
     0 | D:1      | Reached XP level 1. HP: 15/15 MP: 0/0
   387 | D:1      | Reached skill level 3 in Spellcasting
   387 | D:1      | Reached XP level 2. HP: 17/21 MP: 0/0
   954 | D:1      | Reached XP level 3. HP: 24/25 MP: 0/0
   954 | D:1      | Learned a level 1 spell: Summon Small Mammal
  2197 | D:2      | Reached XP level 4. HP: 27/31 MP: 0/0
  2343 | D:2      | Reached skill level 4 in Spellcasting
  2677 | D:2      | Found a shimmering altar of Xom.
  3301 | D:3      | Reached XP level 5. HP: 27/35 MP: 0/0
  3301 | D:3      | Learned a level 2 spell: Ensorcelled Hibernation
  3496 | D:3      | Found Feets's General Store.
  3772 | D:3      | Noticed a necrophage
  3786 | D:3      | Killed a necrophage
  3787 | D:3      | Reached skill level 1 in Armour
  3787 | D:3      | Reached XP level 6. HP: 12/40 MP: 0/0
  4003 | D:3      | Found Ifeczuw's Assorted Antiques.
  4121 | D:3      | Reached skill level 5 in Spellcasting
  4162 | D:3      | Noticed Ijyb
  4182 | D:3      | Blown up by Ijyb

Illustrated notes

Levels and vault maps discovered:
D:1:      sevenhm_arrival_forest_fort_large_2, layout_loops_corners,
          minivault_14, serial_bayou_pond_b, roderic_lattice_a
D:2:      wad_river_or_something, layout_basic, basic_altar
D:3:      layout_loops_corners, serial_shops, shop, nicolae_shop_statue_plus,
          nicolae_shop_overgrown_old_shop, uniq_ijyb, uniq_sigmund

Skill      XL: |  1  2  3  4  5  6 |
---------------+-------------------+-----
Spellcasting   | 3 4 5 |  5.0
Stealth        | 2 |  2.1
Armour         | 1 |  1.4
Dodging        | |  2.6

Action                   |  1- 3 |  4- 6 || total
-------------------------+-------+-------++-------
Melee: Unarmed           |     1 |       ||     1
       Dagger            |     2 |     5 ||     7
 Cast: Shock             |    73 |    71 ||   144
       Static Discharge  |       |     9 ||     9
       Summon Small Mamm |       |     5 ||     5
Armor: Robe              |     3 |     4 ||     7
Dodge: Dodged            |     3 |     9 ||    12

Table legend: (Time is in decaauts)
 A = Elapsed time spent in this place.
 B = Non-inter-level travel time spent in this place.
 C = Inter-level travel time spent in this place.
 D = Time resting spent in this place.
 E = Time spent auto-exploring this place.
 F = Levels seen in this place.
 G = Mean time per level.
                   A        B        C        D        E       F      G
               +--------+--------+--------+--------+--------+-----+--------+
         Total |   4181 |   4063 |    118 |    956 |   2729 |   3 | 1393.7 |
       Dungeon |   4181 |   4063 |    118 |    956 |   2729 |   3 | 1393.7 |
               +--------+--------+--------+--------+--------+-----+--------+

Top non-repeatable levels by time:
     D:1: 1965 daAuts
     D:2: 1330 daAuts
     D:3: 885 daAuts
